 Dungeon Crawl Stone Soup version 0.26.1-11-gd32895ea62 (webtiles) character file.

Game seed: 7836255921378234721

23 nomophobia the Skirmisher (level 2, -2/24 HPs)
             Began as a Demonspawn Abyssal Knight on May 20, 2021.
             Was a Follower of Lugonu.
             Slain by a phantom (7 damage)
             ... on level 2 of the Dungeon.
             The game lasted 00:07:51 (1801 turns).

nomophobia the Skirmisher (DsAK)                    Turns: 1801, Time: 00:07:52

Health: -2/24      AC:  5    Str: 12    XL:     2   Next: 75%
Magic:  3/3        EV: 10    Int: 13    God:    Lugonu [*.....]
Gold:   71         SH:  0    Dex: 12    Spells: 1/1 levels left

rFire    . . .     SeeInvis .     - Unarmed
rCold    . . .     Faith    .   (no shield)
rNeg     . . .     Spirit   .   h - +0 ring mail
rPois    .         Reflect  .   (no helmet)
rElec    .         Harm     .   (no cloak)
rCorr    .         Rampage  .   (no gloves)
Will     .....                  (no boots)
Stlth    +.........             (no amulet)
HPRegen  0.08/turn              (no ring)
MPRegen  0.08/turn              (no ring)

@: no status effects
A: claws 1
a: Renounce Religion, Depart the Abyss


You were on level 2 of the Dungeon.
You worshipped Lugonu.
Lugonu was aware of your devotion.
You visited 1 branch of the dungeon, and saw 2 of its levels.
You visited the Abyss 1 time.

You collected 71 gold pieces.

Inventory:

Armour
 h - a +0 ring mail (worn)
Jewellery
 k - an uncursed amulet of the acrobat {unknown}
Scrolls
 d - 2 scrolls of teleportation
Potions
 b - a potion of berserk rage {unknown}
 c - 2 potions of might {unknown}
 e - 3 potions of curing {unknown}
 f - a potion of flight {unknown}
 i - a potion of heal wounds {unknown}


   Skills:
 + Level 3.3 Fighting
 + Level 2.1 Armour
 + Level 1.4 Dodging
 + Level 2.1 Unarmed Combat
 - Level 2.4 Invocations


You had one spell level left.
You didn't know any spells.
Your spell library was empty.

Dungeon Overview and Level Annotations

Branches:
Dungeon (2/15)

Altars:


Innate Abilities, Weirdness & Mutations

You have sharp fingernails.


Message History

The phantom blinks!
A phantom is nearby!
The phantom blinks!
You scratch the phantom.
The phantom is moderately damaged.
The phantom hits you.
* * * LOW HITPOINT WARNING * * *
You barely miss the phantom.
The phantom is moderately damaged.
The phantom barely misses you.
You miss the phantom.
The phantom is moderately damaged.
The phantom barely misses you.
You scratch the phantom but do no damage.
The phantom is moderately damaged.
The phantom hits you but does no damage.
You barely miss the phantom.
The phantom is moderately damaged.
The phantom hits you!
You die...

#... #..# #..# #
#..##.####. #.
........(
...####.##....
........##..#
.#.....W.#..#
#.....@....#
.#.##+#.....###.##
........<....$...+
#...#......###..##
#$ ###.#......
#.##.#### ######


You could see a phantom.

Vanquished Creatures
  A dart slug (D:1)
  3 leopard geckos (D:1)
  2 bats
  A giant cockroach (D:1)
  2 goblins (D:1)
  3 hobgoblins (D:1)
  A frilled lizard (D:1)
  2 kobolds (D:1)
  A rat (D:1)
16 creatures vanquished.

Notes
Turn   | Place    | Note
-------+----------+-------------------------------------------
     0 | Abyss:1  | nomophobia the Demonspawn Abyssal Knight began the quest
                  | for the Orb.
     0 | Abyss:1  | Reached XP level 1. HP: 18/18 MP: 2/2
    36 | Abyss:1  | Noticed a small abomination
    40 | Abyss:1  | Found a corrupted altar of Lugonu.
    65 | Abyss:1  | Noticed an orange demon
    73 | D:1      | Escaped the Abyss
   157 | D:1      | Reached skill level 1 in Dodging
   705 | D:1      | Gained mutation: You have sharp fingernails. [demonic
                  | ancestry]
   705 | D:1      | Reached XP level 2. HP: 12/24 MP: 3/3
  1299 | D:1      | Reached * piety under Lugonu
  1538 | D:2      | Noticed a phantom
  1801 | D:2      | Slain by a phantom

Illustrated notes

Levels and vault maps discovered:
D:1:      amcnicky_arrival_flooded_fountain, layout_loops_ring,
          chequers_serial_rivers_micro_e, chequers_serial_rivers_marsh,
          st_stairs_12, minivault_14, minmay_statues_item
D:2:      minmay_evil_eye, layout_basic, lightli_temple_of_fire,
          uniq_crazy_yiuf_cottage

Skill      XL: |  1 |
---------------+----+-----
Dodging        | 1 |  1.4
Armour         | 2 |  2.1
Unarmed Combat | 2 |  2.1
Fighting       | |  3.3
Invocations    | |  2.4

Action                   || total
-------------------------++-------
Melee: Unarmed           ||   106
Invok: Depart the Abyss  ||     1
  Use: Scroll            ||     5
Armor: Leather armour    ||    14
       Ring mail         ||    26
Dodge: Dodged            ||    46
